 Dungeon Crawl Stone Soup version 0.22-a0-398-g8bb545f (webtiles) character file.

7527 emperorscorpion the Cleaver (level 10, 0/90 HPs)
             Began as a Minotaur Fighter on May 5, 2018.
             Was a High Priest of Uskayaw.
             Slain by a two-headed ogre
             ... wielding a cursed +0 giant club
              (16 damage)
             ... on level 11 of the Dungeon.
             The game lasted 00:17:36 (4403 turns).

emperorscorpion the Cleaver (Minotaur Fighter)      Turns: 4403, Time: 00:17:39

Health: 0/90       AC: 12    Str: 24    XL:     10   Next: 95%
Magic:  9/9        EV: 12    Int:  5    God:    Uskayaw [*****.]
Gold:   57         SH:  0    Dex: 10    Spells: 9/9 levels left

rFire    . . .     SeeInvis .   v - +0 battleaxe (vamp)
rCold    + . .     Gourm    +   (shield currently unavailable)
rNeg     . . .     Faith    .   b - +1 scale mail
rPois    .         Spirit   .   (helmet restricted)
rElec    .         Reflect  .   (no cloak)
rCorr    .         Harm     .   t - +2 pair of gloves
MR       .....                  (no boots)
Stlth    +.........             y - amulet of the gourmand
HPRegen  0.25/turn              A - ring of protection from cold
MPRegen  0.11/turn              (no ring)

@: lethally poisoned (0 -> -5)
A: retaliatory headbutt, horns 2
a: Stomp, Line Pass, Grand Finale, Renounce Religion


You were on level 11 of the Dungeon.
You worshipped Uskayaw.
Uskayaw was noncommittal.
You were completely stuffed.

You visited 1 branch of the dungeon, and saw 11 of its levels.

You collected 336 gold pieces.
You spent 279 gold pieces at shops.

Inventory:

Hand Weapons
 a - a +0 war axe
 r - a +0 spear
 v - a +0 vampiric battleaxe (weapon)
Missiles
 i - 33 poisoned needles
 j - 7 javelins (quivered)
 u - 45 bolts
Armour
 b - a +1 scale mail (worn)
 c - a +0 shield
 t - a +2 pair of gloves (worn)
 C - a +0 chain mail
Magical Staves
 z - an uncursed staff of earth
 G - an uncursed staff of poison {unknown}
Jewellery
 g - an uncursed ring of ice
 y - an amulet of the gourmand (around neck)
 A - a ring of protection from cold (left hand)
Wands
 m - a wand of random effects (31)
 w - a wand of flame (36)
 B - a wand of polymorph (15)
Scrolls
 e - a scroll of enchant armour
 h - 2 scrolls of remove curse
 k - a scroll of magic mapping
 p - a scroll of fog
Potions
 d - 2 potions of might
 l - 4 potions of agility
 n - a potion of lignification
 o - 3 potions of cancellation
 q - 4 potions of curing
 s - a potion of flight
 x - a potion of brilliance
 E - a potion of haste {unknown}
Comestibles
 f - 23 rations
 D - 11 chunks of flesh


   Skills:
 + Level 8.7 Fighting
 * Level 13.2 Axes
 + Level 1.2 Throwing
 + Level 8.7 Armour
 + Level 4.7 Dodging
 + Level 4.1 Stealth
 - Level 7.2 Shields


You had 9 spell levels left.
You didn't know any spells.

Dungeon Overview and Level Annotations

Branches:
Dungeon (11/15)            Temple (0/1) D:6            Lair (0/6) D:8
    Orc: D:9-12

Altars:
Cheibriados
Dithmenos
Fedhas
Okawaru
Uskayaw
Wu Jian

Shops:
D:7 (


Innate Abilities, Weirdness & Mutations

You reflexively headbutt those who attack you in melee.
You have a pair of horns on your head.


Message History

The yak is no longer sharing its pain.
You slash the two-headed ogre!
You feel better.
You headbutt the two-headed ogre, but do no damage.
The two-headed ogre is heavily wounded.
You hit the crimson imp but do no damage.
You feel sick.
The two-headed ogre hits you but does no damage.
The two-headed ogre hits you with a giant spiked club!!
* * * LOW HITPOINT WARNING * * *
The crimson imp hits you.
* * * LOW HITPOINT WARNING * * *
You hear a bellow! x2
You can now merge with and destroy a victim.
You slash the two-headed ogre!
You feel better.
The two-headed ogre is severely wounded.
You slash the crimson imp!
You feel sick.
You hear a bellow!
The two-headed ogre completely misses you.
The two-headed ogre hits you with a giant spiked club!
You die...

### ## #... ..
#...##. ..[....
.......
......5###########
....%.)@(((((....#
#...##O#########.#
# #Y #.# #. #.# #.
#<### ## #...#
###.# #.# #.#


You could see a two-headed ogre, a yak and a crimson imp.

Vanquished Creatures
  2 two-headed ogres (D:9)
  An ugly thing (D:11)
  The ghost of Rhok the Caller, a novice DrSu of Okawaru (D:5)
  A gargoyle (D:6)
  A wraith (D:10)
  A spriggan (D:7)
  The ghost of emperorscorpion the Shield-Bearer, an amateur MiFi (D:4)
  6 yaks (D:9)
  2 steam dragons
  Menkaure (D:6)
  A porcupine (D:8)
  3 orc warriors
  2 ice beasts
  4 sky beasts
  A black bear (D:7)
  A phantom (D:9)
  3 ogres
  8 centaurs
  A crocodile (D:8)
  3 bullfrogs
  2 scorpions (D:8)
  2 electric eels (D:9)
  3 howler monkeys
  2 crimson imps
  2 jellies
  A quasit (D:11)
  2 orc priests
  3 hounds (D:9)
  7 orc wizards
  2 bullfrog skeletons (D:7)
  2 iguanas (D:6)
  10 worker ants
  Natasha (twice) (D:4)
  A hound zombie (D:7)
  A hound skeleton (D:7)
  A worker ant zombie (D:6)
  3 gnolls (D:6)
  9 adders
  An ooze (D:7)
  An adder zombie (D:6)
  A dart slug (D:1)
  A leopard gecko (D:2)
  14 orcs
  11 bats
  2 giant cockroaches
  7 goblins
  6 hobgoblins
  28 jackals
  2 kobolds (D:1)
  4 quokkas
  A ball python (D:3)
  3 frilled lizards (D:1)
  A quokka zombie (D:7)
  6 rats
  2 fungi (D:8)
190 creatures vanquished.

Vanquished Creatures (others)
  A leopard gecko (D:7)
1 creature vanquished.

Grand Total: 191 creatures vanquished

Notes
Turn   | Place    | Note
-------+----------+-------------------------------------------
     0 | D:1      | emperorscorpion the Minotaur Fighter began the quest for the Orb.
     0 | D:1      | Reached XP level 1. HP: 19/19 MP: 0/0
    96 | D:1      | Reached XP level 2. HP: 21/27 MP: 1/1
   154 | D:2      | Found a hide-covered altar of Uskayaw.
   203 | D:2      | Found a faded altar of an unknown god.
   208 | D:2      | Became a worshipper of Uskayaw the Reveler
   220 | D:2      | Reached * piety under Uskayaw
   293 | D:4      | Noticed emperorscorpion's ghost (amateur MiFi)
   310 | D:3      | Reached XP level 3. HP: 32/33 MP: 2/2
   340 | D:3      | Reached ** piety under Uskayaw
   451 | D:3      | Reached XP level 4. HP: 21/40 MP: 3/3
   584 | D:3      | Reached *** piety under Uskayaw
   585 | D:3      | Reached skill level 3 in Axes
   625 | D:3      | Reached skill level 5 in Shields
   630 | D:3      | Reached XP level 5. HP: 10/47 MP: 4/4
   630 | D:3      | Reached **** piety under Uskayaw
   637 | D:3      | Reached ***** piety under Uskayaw
   716 | D:2      | Found a snail-covered altar of Cheibriados.
   848 | D:1      | Reached skill level 4 in Axes
  1089 | D:4      | Killed emperorscorpion's ghost
  1089 | D:4      | Reached skill level 5 in Armour
  1089 | D:4      | Reached skill level 1 in Dodging
  1089 | D:4      | Reached XP level 6. HP: 44/53 MP: 5/5
  1100 | D:4      | Reached skill level 1 in Stealth
  1188 | D:4      | Noticed Natasha
  1190 | D:4      | Killed Natasha
  1240 | D:4      | Noticed Natasha
  1249 | D:4      | Killed Natasha
  1249 | D:4      | Reached skill level 5 in Axes
  1282 | D:5      | Entered Level 5 of the Dungeon
  1296 | D:5      | Noticed Rhok's ghost (novice DrSu)
  1335 | D:5      | Killed Rhok's ghost
  1335 | D:5      | Reached skill level 5 in Fighting
  1335 | D:5      | Reached skill level 6 in Axes
  1335 | D:5      | Reached XP level 7. HP: 31/61 MP: 6/6
  1389 | D:6      | Found a staircase to the Ecumenical Temple.
  1451 | D:6      | Reached skill level 7 in Axes
  1544 | D:7      | Reached XP level 8. HP: 64/68 MP: 7/7
  1590 | D:7      | Reached skill level 8 in Axes
  1643 | D:7      | Found an iron altar of Okawaru.
  1675 | D:7      | Found an ornate altar of the Wu Jian Council.
  1700 | D:7      | Found Ugyro's Weapon Shoppe.
  1787 | D:6      | Noticed Menkaure
  1792 | D:6      | Killed Menkaure
  2029 | D:6      | Noticed a gargoyle
  2038 | D:6      | Killed a gargoyle
  2038 | D:6      | Reached skill level 9 in Axes
  2038 | D:6      | Reached XP level 9. HP: 22/75 MP: 8/8
  2418 | D:6      | Found a blossoming altar of Fedhas.
  2829 | D:7      | Reached skill level 10 in Axes
  2829 | D:7      | Reached skill level 1 in Throwing
  3324 | D:8      | Found a staircase to the Lair.
  3354 | D:8      | Noticed a two-headed ogre
  3392 | D:9      | Noticed a two-headed ogre
  3433 | D:9      | Reached skill level 11 in Axes
  3501 | D:9      | Reached XP level 10. HP: 13/86 MP: 9/9
  3502 | D:9      | Killed a two-headed ogre
  3749 | D:8      | Noticed a two-headed ogre
  3910 | D:7      | Bought a +0 vampiric battleaxe for 279 gold pieces
  3998 | D:8      | Reached skill level 12 in Axes
  4235 | D:9      | Noticed a two-headed ogre
  4246 | D:9      | Killed a two-headed ogre
  4290 | D:10     | Entered Level 10 of the Dungeon
  4290 | D:10     | Found a shadowy altar of Dithmenos.
  4386 | D:11     | Noticed a green ugly thing
  4396 | D:11     | Killed a green ugly thing
  4396 | D:11     | Reached skill level 13 in Axes
  4397 | D:11     | Noticed a two-headed ogre
  4403 | D:11     | Slain by a two-headed ogre

Vault maps used:
D:1:      lightli_arrival_flooded_house, minmay_splitting_lines
D:2:      cheibriados_altar_1, lemuel_crystal_altar,
          lemuel_coloured_pillars_altar, chequers_ecumenical_altar_simple_redux
D:3:      hex_medium, kennysheep_generic_room_4
D:4:      overflow_temple_1_default, nemelex_xobeh_ov_fountains_minmay,
          nicolae_overflow_crystal_walls, first_ration, minmay_cupped,
          uniq_natasha
D:5:      serial_shops, shop, elyvilon_altar_1
D:6:      temple_fountains, hangedman_abyss_or_decor_stagger,
          fedhas_altar_fruit_tree, uniq_menkaure
D:7:      overflow_temple_1_default, lemuel_doored_altar, serial_shops, shop,
          the_bakery
D:8:      grunt_lair_entry_orc_guard_hut, minmay_misc_feat_five, nzn_random_ring
D:9:      led_sif_pool, kennysheep_doodads, minmay_liquid_box,
          nrook_loot_triangle, st_stairs_13, serial_bayou_lake_a
D:10:     erik_orc_1, basic_altar, nicolae_dithmenos_the_darkroom,
          uniq_josephine, uniq_psyche, uniq_joseph
D:11:     lab_entry_generic, minivault_20, hangedman_abyss_or_decor_stabs,
          grunt_decor_cap, uniq_erica

Skill      XL: |  1  2  3  4  5  6  7  8  9 10 |
---------------+-------------------------------+-----
Armour         | 4 5 6 7 8 |  8.7
Shields        | 4 5 6 7 |  7.2
Fighting       | 4 5 6 7 8 |  8.7
Axes           | 3 4 6 7 9 11 13 | 13.2
Dodging        | 1 2 3 4 |  4.7
Stealth        | 1 2 3 4 |  4.1
Throwing       | 1 |  1.2

Action                   |  1- 3 |  4- 6 |  7- 9 | 10-12 || total
-------------------------+-------+-------+-------+-------++-------
Melee: War axe           |    90 |   134 |   263 |    30 ||   517
       Headbutt          |    10 |    22 |    49 |    15 ||    96
       Battleaxe         |       |       |       |    68 ||    68
Throw: Javelin           |       |       |     8 |     2 ||    10
Evoke: Wand              |       |       |     1 |       ||     1
  Use: Potion            |       |     1 |     3 |       ||     4
       Scroll            |       |       |    18 |       ||    18
 Stab: Paralysed         |       |     4 |    14 |     8 ||    26
  Eat: Chunk             |       |     2 |    26 |     8 ||    36
Armor: Scale mail        |    67 |    87 |    94 |    45 ||   293
Dodge: Dodged            |    27 |    66 |    84 |    42 ||   219
Block: Shield            |    67 |   103 |   158 |    19 ||   347

Table legend:
 A = Spawn XP
 B = Non-spawn XP
 C = Spawn XP percentage of total XP
 D = Spawn monster count
 E = Non-spawn monster count
 F = Spawn count percentage of total count
 G = Total turns spent on level
                    A         B        C        D         E        F      G
               +---------+---------+-------+---------+---------+-------+---------
         Total |       0 |   10754 |   0.0 |       0 |     189 |   0.0 |  4403
               +---------+---------+-------+---------+---------+-------+---------
           D:1 |       0 |      33 |   0.0 |       0 |      19 |   0.0 |   284
           D:2 |       0 |      65 |   0.0 |       0 |      24 |   0.0 |   320
           D:3 |       0 |     225 |   0.0 |       0 |      22 |   0.0 |   477
           D:4 |       0 |     334 |   0.0 |       0 |      12 |   0.0 |   204
           D:5 |       0 |     485 |   0.0 |       0 |       6 |   0.0 |    85
           D:6 |       0 |    1278 |   0.0 |       0 |      21 |   0.0 |   684
           D:7 |       0 |    1655 |   0.0 |       0 |      35 |   0.0 |   924
           D:8 |       0 |    1364 |   0.0 |       0 |      16 |   0.0 |   778
           D:9 |       0 |    3816 |   0.0 |       0 |      22 |   0.0 |   534
          D:10 |       0 |     558 |   0.0 |       0 |       6 |   0.0 |    83
          D:11 |       0 |     941 |   0.0 |       0 |       6 |   0.0 |    30
               +---------+---------+-------+---------+---------+-------+---------
